 Dungeon Crawl Stone Soup version 0.22-a0-443-g17c3723 (webtiles) character file.

100645 4thArraOfDagon the Black Belt (level 16, -32/130 HPs)
             Began as a Kobold Monk on May 30, 2018.
             Was the Champion of Cheibriados.
             Killed from afar by a deep elf annihilator (46 damage)
             ... with an iron shot
             ... on level 3 of the Elven Halls on May 31, 2018.
             The game lasted 01:06:11 (11664 turns).

4thArraOfDagon the Black Belt (Kobold Monk)        Turns: 11664, Time: 01:06:12

Health: -32/130    AC: 28    Str: 24    XL:     16   Next: 80%
Magic:  24/28      EV: 33    Int: 34    God:    Cheibriados [******]
Gold:   388        SH:  0    Dex: 36    Spells: 5/31 levels left

rFire    . . .     SeeInvis .     - Unarmed
rCold    . . .     Gourm    .   (shield restricted)
rNeg     + . .     Faith    .   (armour currently unavailable)
rPois    ∞         Spirit   .   (no helmet)
rElec    +         Reflect  .   (no cloak)
rCorr    .         Harm     .   (gloves currently unavailable)
MR       +....     Clarity  +   (boots currently unavailable)
Stlth    +++.......             P - amulet of regeneration
HPRegen  0.71/turn              i - +3 ring of dexterity
MPRegen  0.21/turn              D - +3 ring of evasion

@: statue-form, very slow
A: small, blurry vision 1, carnivore, clarity, clever 1
a: End Transformation, Bend Time, Temporal Distortion, Slouch, Step From Time,
Renounce Religion


You were on level 3 of the Elven Halls.
You worshipped Cheibriados.
Cheibriados was exalted by your worship.
You were completely stuffed.
You were a stone statue.
You visited 3 branches of the dungeon, and saw 20 of its levels.
You also visited: Labyrinth and Ice Cave.

You collected 2463 gold pieces.
You spent 2075 gold pieces at shops.

Inventory:

Hand Weapons
 d - a +0 blowgun
Armour
 c - a +0 robe of resistance
 h - the +1 robe of the Accordion {rC+ Str+4 Dex+4}
   (You found it on level 15 of the Dungeon)

   It affects your strength (+4).
   It affects your dexterity (+4).
   It protects you from cold.
 p - a +4 troll leather armour (melded)
 s - a +1 ring mail of cold resistance
 A - a +2 chain mail of cold resistance
 B - a +1 chain mail of cold resistance
 E - a +0 helmet
 O - a +2 pair of boots of stealth (melded)
 Q - +0 steam dragon scales
 T - a +2 pair of gloves (melded)
Magical Staves
 N - an uncursed staff of energy {!a}
 X - an uncursed staff of earth
Jewellery
 e - an uncursed ring of protection from cold
 i - a +3 ring of dexterity (left hand)
 l - an uncursed ring of stealth
 m - an uncursed ring of protection from cold
 o - an uncursed ring of flight
 q - an uncursed ring of fire
 u - an uncursed ring of ice
 v - an uncursed ring of see invisible
 C - an uncursed ring of flight
 D - a +3 ring of evasion (right hand)
 K - an uncursed ring of ice
 P - an amulet of regeneration (around neck)
Wands
 a - a wand of iceblast (2)
 j - a wand of flame (51)
 y - a wand of digging (7)
 R - a wand of acid (9)
 Y - a wand of enslavement (9)
Scrolls
 f - 2 scrolls of noise
 g - 5 scrolls of remove curse
 n - a scroll of torment {unknown}
 x - 2 scrolls of vulnerability {unknown}
 F - a scroll of brand weapon {unknown}
 G - 4 scrolls of fog {unknown}
 I - 4 scrolls of summoning
 S - 7 scrolls of identify
 V - a scroll of fear {unknown}
 W - a scroll of enchant weapon
Potions
 k - 4 potions of haste
 r - a potion of flight
 t - a potion of might
 w - 2 potions of curing
 z - 4 potions of heal wounds
 H - a potion of magic
 J - a potion of berserk rage
 L - 4 potions of brilliance
 U - a potion of agility
Comestibles
 b - 24 rations


   Skills:
 + Level 11.1 Fighting
 + Level 10.9 Dodging
 - Level 2.6 Stealth
 * Level 16.0 Unarmed Combat
 - Level 8.1 Spellcasting
 + Level 1.4 Charms
 + Level 1.8 Necromancy
 * Level 3.8 Translocations
 - Level 9.8 Transmutations
 - Level 11.8 Earth Magic
 - Level 10.0 Invocations


You had 5 spell levels left.
You knew the following spells:

 Your Spells              Type           Power        Failure   Level  Hunger
a - Lee's Rapid Deconstr  Erth           #######...   1%          5    ####...
b - Passwall              Tmut/Erth      ######..     1%          2    None
c - Sublimation of Blood  Necr           ####......   2%          2    None
d - Controlled Blink      Tloc           N/A          100%        8    #######
e - Statue Form           Tmut/Erth      ######...    6%          6    #####..
f - Regeneration          Chrm/Necr      ###.......   4%          3    None

Your spell library contained the following spells:

 Spells                   Type           Power        Failure   Level  Hunger
 Bolt of Magma            Conj/Fire/Erth #####.....   19%         5    ####...
 Confuse                  Hex            ##......     10%         3    None
 Mephitic Cloud           Conj/Pois/Air  ##......     10%         3    None
 Venom Bolt               Conj/Pois      ##........   65%         5    ####...
 Olgreb's Toxic Radiance  Pois           ##......     32%         4    None
 Dispel Undead            Necr           ####....     38%         5    ####...
 Sting                    Conj/Pois      ##..         3%          1    None
 Tukima's Dance           Hex            ##......     10%         3    None
 Iron Shot                Conj/Erth      ######....   41%         6    #####..
 Stone Arrow              Conj/Erth      ######       1%          3    None
 Confusing Touch          Hex            ##....       3%          1    None
 Ignite Poison            Fire/Tmut/Pois #####...     2%          3    None
 Ensorcelled Hibernation  Hex/Ice        ##....       4%          2    None
 Metabolic Englaciation   Hex/Ice        ##........   65%         5    ####...
 Shatter                  Erth           #######...   100%        9    #######
 Dispersal                Tloc           #####.....   71%         6    #####..
 Corona                   Hex            ##.....      3%          1    None
 Alistair's Intoxication  Tmut/Pois      #####...     12%         5    ####...
 Sandblast                Erth           ######       1%          1    None
 Simulacrum               Ice/Necr       ###.......   98%         6    #####..
 Portal Projectile        Hex/Tloc       ####..       4%          3    None
 Petrify                  Tmut/Erth      ######..     1%          4    None
 Leda's Liquefaction      Hex/Erth       ######....   2%          4    None
 Disjunction              Tloc           #####.....   100%        8    #######
 Dazzling Spray           Conj/Hex       ##....       10%         3    None
 Force Lance              Conj/Tloc      ####....     14%         4    None
 Irradiate                Conj/Tmut      #####.....   12%         5    ####...
 Gell's Gravitas          Tloc           #####.....   1%          3    None
 Yara's Violent Unravell  Hex/Tmut       #####.....   12%         5    ####...
 Poisonous Vapours        Pois/Air       ##....       4%          2    None


Dungeon Overview and Level Annotations

Branches:
Dungeon (15/15)            Temple (0/1) D:6            Lair (0/6) D:10
    Orc (2/2) D:9             Elf (3/3) Orc:2
 Vaults: D:13-14     Depths: D:15

Altars:
Ashenzari
Cheibriados
Fedhas
Kikubaaqudgha
Makhleb
Nemelex Xobeh
Okawaru
Ru
Sif Muna
Xom
Zin
The Shining One
Lugonu

Shops:
D:7 }[!   D:14 ?   Orc:2 [*}![   Elf:1 :([:

Portals:
Pandemonium: Orc:2

Annotations:
D:9 galech's ghost, novice OgBe
D:10 2 transporters
D:15 Rupert
Elf:1 Louise


Innate Abilities, Weirdness & Mutations

You are small and have problems with some larger weapons.
You are carnivorous and can eat meat at any time.
((You are partially covered in slimy green scales. (AC +2)))
Scrolls take you a little longer to read.
You possess an exceptional clarity of mind.
Your mind is acute. (Int +2)


Message History

Unknown command.
You hit the deep elf annihilator.
Your punch misses the deep elf annihilator.
The deep elf annihilator is severely wounded.
The deep elf annihilator casts a spell at you.
The crystal spear hits you!
* * * LOW HITPOINT WARNING * * *
Unknown command.
Unknown command.
You barely miss the deep elf annihilator.
The deep elf annihilator is severely wounded.
The deep elf annihilator casts a spell at you.
The crystal spear misses you. The deep elf annihilator misses you.
Unknown command.
Unknown command.
You hit the deep elf annihilator but do no damage.
The deep elf annihilator is severely wounded.
The deep elf annihilator gestures at you while chanting.
The iron shot hits you!
You die...

#.####*,,,,,,,,,,,,,,,,,
##.#.##**,,,,,,,,,,,,,**
#..)..# ***,,,.,,,,,***
####..).#########.########
#...)...'.........'.......
#.......#.......,,#.......
#....^..#.......,,#.......
####'##########'#######'##
#........8e...............
#.........................
##########################
*≈≈≈≈≈≈≈≈≈≈≈≈≈≈≈≈≈≈≈≈≈≈≈≈≈
*≈≈≈≈≈≈≈≈≈≈≈≈≈≈≈≈≈≈≈≈≈≈≈≈≈
*,,,,,,,,,,,,,,,,,,,,,,,,,
*,,,,,,,,,,,,,,,,,,,,,,,,,
*,,,,,,,,,,,,,,,,,,,,,,,,,
*,,,,,,,,*****+*,,,,,,,,,*


You could see a deep elf annihilator.

Vanquished Creatures
  Jorgrun (Elf:2)
  A deep elf blademaster (Elf:3)
  2 Ice Fiends (IceCv)
  Asterion (Elf:1)
  Agnes (D:14)
  A deep elf sorcerer (Elf:2)
  A deep elf elementalist (Elf:3)
  3 deep elf demonologists (Elf:3)
  A minotaur (Lab)
  2 deep elf death magi
  An ettin (Orc:2)
  3 deep elf high priests (Elf:3)
  3 vault guards (D:14)
  3 two-headed ogres
  A centaur warrior (D:15)
  12 dancing weapons
  7 orc high priests (Orc:2)
  6 deep elf knights
  A skeletal warrior (D:14)
  2 torturous demonspawn (Orc:2)
  2 unseen horrors
  5 orc knights
  4 deep elf archers
  28 deep elf magi
  13 ugly things
  3 necromancers (Elf:1)
  4 orc sorcerers (Orc:2)
  A manticore (D:13)
  4 cyclopes
  A rust devil (Orc:2)
  2 ice statues (IceCv)
  4 gargoyles
  2 centaur skeletons
  11 ice devils (IceCv)
  A kobold demonologist (D:15)
  A hellwing (Orc:2)
  A red devil (Orc:2)
  A freezing wraith (D:15)
  9 trolls
  A hornet (D:14)
  2 large abominations (Elf:1)
  A hornet (shapeshifter) (Elf:3)
  12 slime creatures
  2 air elementals
  2 hippogriffs
  A meliai zombie (D:12)
  A shadow (D:15)
  A spriggan (shapeshifter) (D:13)
  3 water elementals
  2 vampires
  2 wraiths (D:12)
  A wyvern (D:11)
  Grum (D:8)
  4 basilisks
  18 yaks
  A chaos spawn (Orc:2)
  10 vampire mosquitoes
  2 wargs
  A hungry ghost (D:13)
  A harpy simulacrum (D:15)
  2 soldier ants (D:14)
  An acid dragon (D:11)
  2 water moccasins (D:10)
  3 porcupines (D:10)
  A phantom (D:10)
  An ice beast (D:8)
  2 sky beasts
  5 black bears
  A hornet zombie (D:12)
  2 eyes of draining
  34 orc warriors
  5 ogres
  15 centaurs
  5 wolves
  3 crocodiles
  3 elf zombies (Elf:1)
  3 big kobolds
  A gnoll sergeant (D:9)
  9 bullfrogs
  A wyvern zombie (D:7)
  6 small abominations (D:8)
  2 scorpions
  6 killer bees (D:9)
  14 wights
  4 crimson imps
  4 centaur zombies
  5 hounds
  A jelly (D:7)
  A gnoll shaman (D:6)
  31 orc priests
  2 bullfrog skeletons
  3 iguanas
  27 orc wizards
  5 worker ants
  A killer bee zombie (D:5)
  3 hound zombies
  2 hound skeletons
  A worker ant zombie (D:11)
  7 gnolls
  9 adders
  2 river rats (D:6)
  3 shadow imps
  7 white imps (IceCv)
  7 ufetubi (IceCv)
  An adder zombie (D:5)
  2 worms
  2 dart slugs
  7 leopard geckos
  112 orcs
  2 giant cockroaches (D:6)
  7 goblins
  6 hobgoblins
  14 jackals
  19 kobolds
  5 quokkas
  3 ball pythons
  A ball python skeleton (D:5)
  5 bats
  2 frilled lizards
  2 quokka skeletons (D:6)
  5 rats
666 creatures vanquished.

Vanquished Creatures (others)
  A water elemental (Elf:2)
  4 white imps (IceCv)
  2 ufetubi (IceCv)
  An orc (D:8)
  18 fungi (Elf:1)
  2 plants (D:10)
28 creatures vanquished.

Grand Total: 694 creatures vanquished

Notes
Turn   | Place    | Note
-------+----------+-------------------------------------------
     0 | D:1      | 4thArraOfDagon the Kobold Monk began the quest for the Orb.
     0 | D:1      | Reached XP level 1. HP: 14/14 MP: 1/1
   131 | D:3      | Reached XP level 2. HP: 5/19 MP: 2/2
   137 | D:3      | Found a sparkling altar of Nemelex Xobeh.
   143 | D:3      | Found a glowing silver altar of Zin.
   198 | D:3      | Found a deep blue altar of Sif Muna.
   269 | D:2      | Found an iron altar of Okawaru.
   269 | D:2      | Found a shattered altar of Ashenzari.
   272 | D:2      | Found a snail-covered altar of Cheibriados.
   281 | D:2      | Became a worshipper of Cheibriados the Contemplative
   281 | D:2      | Reached * piety under Cheibriados
   281 | D:2      | Reached ** piety under Cheibriados
   309 | D:3      | Was placed under penance by Cheibriados
   317 | D:3      | Reached XP level 3. HP: 23/23 MP: 3/3
   323 | D:3      | Was forgiven by Cheibriados
   491 | D:2      | Reached skill level 4 in Unarmed Combat
   589 | D:2      | Reached skill level 1 in Invocations
   610 | D:1      | Reached XP level 4. HP: 13/28 MP: 4/4
  1298 | D:2      | Reached XP level 5. HP: 30/33 MP: 6/6
  1347 | D:3      | Reached *** piety under Cheibriados
  1713 | D:5      | Entered Level 5 of the Dungeon
  1752 | D:5      | Noticed an ogre
  1846 | D:5      | Noticed a bullfrog
  1857 | D:5      | Killed a bullfrog
  1857 | D:5      | Reached XP level 6. HP: 36/38 MP: 7/7
  1858 | D:5      | Noticed an ogre
  1913 | D:5      | Killed an ogre
  1913 | D:5      | Reached skill level 5 in Unarmed Combat
  1949 | D:5      | Found a shimmering altar of Xom.
  1952 | D:5      | Found a shimmering altar of Xom.
  1953 | D:5      | Found a shimmering altar of Xom.
  1954 | D:5      | Found a shimmering altar of Xom.
  1974 | D:5      | Reached XP level 7. HP: 44/44 MP: 7/9
  2000 | D:5      | Reached **** piety under Cheibriados
  2091 | D:5      | Reached skill level 5 in Dodging
  2217 | D:5      | Noticed a gargoyle
  2259 | D:6      | Found a staircase to the Ecumenical Temple.
  2344 | D:6      | Reached skill level 6 in Unarmed Combat
  2430 | D:6      | Found a glowing drain.
  2444 | D:6      | Reached skill level 5 in Fighting
  2444 | D:6      | Reached XP level 8. HP: 37/49 MP: 10/10
  2466 | D:6      | nice
  2527 | D:6      | Found an ancient bone altar of Kikubaaqudgha.
  2556 | D:6      | Reached ***** piety under Cheibriados
  2568 | D:6      | Found a burning altar of Makhleb.
  2741 | D:7      | Found Unadente's Gadget Shop.
  2823 | D:7      | Found a sacrificial altar of Ru.
  2904 | D:7      | Found Jazakhos's Distillery.
  2907 | D:7      | Bought a potion of heal wounds for 60 gold pieces
  2907 | D:7      | Bought a potion of might for 48 gold pieces
  2907 | D:7      | Bought a potion of curing for 36 gold pieces
  2907 | D:7      | Bought a potion of degeneration for 12 gold pieces
  3070 | D:7      | Learned a level 5 spell: Lee's Rapid Deconstruction
  3246 | D:7      | Found Janauroj's Armour Shoppe.
  3322 | D:8      | Reached skill level 1 in Earth Magic
  3332 | D:8      | Found a corrupted altar of Lugonu.
  3396 | D:8      | Reached skill level 1 in Spellcasting
  3408 | D:8      | Reached skill level 7 in Unarmed Combat
  3420 | D:8      | Reached XP level 9. HP: 41/55 MP: 12/12
  3594 | D:8      | Found a glowing golden altar of the Shining One.
  3735 | D:8      | Noticed a two-headed ogre
  3741 | D:8      | Killed a two-headed ogre
  3741 | D:8      | Reached skill level 5 in Invocations
  3759 | D:8      | Found a sacrificial altar of Ru.
  3760 | D:8      | Noticed a hippogriff
  3770 | D:8      | Killed a hippogriff
  3770 | D:8      | Reached skill level 8 in Unarmed Combat
  3784 | D:8      | Found a transporter.
  3787 | D:8      | Noticed Grum
  3798 | D:8      | Killed Grum
  3798 | D:8      | Reached XP level 10. HP: 36/61 MP: 5/14
  3852 | D:8      | Noticed a purple ugly thing
  3852 | D:8      | Noticed a cyan ugly thing
  3853 | D:8      | Noticed a brown ugly thing
  3856 | D:8      | Noticed a brown ugly thing
  3859 | D:8      | Noticed a cyan ugly thing
  3860 | D:8      | Killed a purple ugly thing
  3860 | D:8      | Reached skill level 5 in Earth Magic
  3868 | D:8      | Killed a brown ugly thing
  3871 | D:8      | Killed a red ugly thing
  3872 | D:8      | Killed a brown ugly thing
  3872 | D:8      | Reached skill level 9 in Unarmed Combat
  3878 | D:8      | Killed a brown ugly thing
  3902 | D:8      | Found a transporter.
  3974 | D:9      | Noticed galech's ghost (novice OgBe)
  4147 | D:9      | Reached XP level 11. HP: 55/67 MP: 14/17
  4219 | D:10     | Entered Level 10 of the Dungeon
  4640 | D:10     | Found a staircase to the Lair.
  4659 | D:10     | Reached skill level 10 in Unarmed Combat
  4659 | D:10     | Reached skill level 5 in Spellcasting
  4669 | D:10     | Found a transporter.
  4669 | D:10     | Noticed a deep elf archer
  4672 | D:10     | Noticed a war gargoyle
  4675 | D:10     | Found a transporter.
  4931 | D:9      | Found a staircase to the Orcish Mines.
  5077 | D:11     | Found a labyrinth entrance.
  5113 | Lab      | Entered a labyrinth
  5209 | Lab      | gruesome
  5220 | Lab      | Found an exit through the horrors of the Abyss.
  5279 | Lab      | Found an exit through the horrors of the Abyss.
  5302 | Lab      | Killed an unseen horror
  5302 | Lab      | Reached XP level 12. HP: 43/74 MP: 11/20
  5365 | Lab      | Noticed a minotaur
  5383 | Lab      | Killed a minotaur
  5454 | Lab      | Learned a level 2 spell: Passwall
  5469 | Lab      | Learned a level 2 spell: Sublimation of Blood
  5478 | Lab      | Learned a level 8 spell: Controlled Blink
  5988 | D:12     | Reached skill level 11 in Unarmed Combat
  6450 | D:13     | Reached XP level 13. HP: 80/80 MP: 14/22
  6660 | D:14     | Found Dimerohi's Magic Scroll Boutique.
  6671 | D:14     | Noticed Agnes
  6732 | D:14     | Reached skill level 10 in Dodging
  6754 | D:15     | Entered Level 15 of the Dungeon
  6818 | D:15     | Noticed Rupert
  6886 | D:15     | Noticed a centaur warrior
  6905 | D:15     | Killed a centaur warrior
  6905 | D:15     | Reached skill level 10 in Earth Magic
  7030 | D:15     | Reached skill level 12 in Unarmed Combat
  7066 | D:15     | Got a crude robe
  7099 | D:15     | Identified the +1 robe of the Accordion {rC+ Str+4 Dex+4} (You found it on level 15 of the Dungeon)
  7237 | D:14     | Bought a scroll of summoning for 152 gold pieces
  7237 | D:14     | Bought a scroll of identify for 32 gold pieces
  7237 | D:14     | Bought a scroll of identify for 32 gold pieces
  7237 | D:14     | Bought a scroll of identify for 32 gold pieces
  7237 | D:14     | Bought a scroll of identify for 32 gold pieces
  7237 | D:14     | Bought a scroll of identify for 32 gold pieces
  7237 | D:14     | Bought a scroll of random uselessness for 16 gold pieces
  7365 | D:14     | Found a blossoming altar of Fedhas.
  7408 | D:14     | Killed Agnes
  7423 | D:14     | Noticed a vault guard
  7435 | D:14     | Noticed a vault guard
  7441 | D:14     | Killed a vault guard
  7450 | D:14     | Killed a vault guard
  7450 | D:14     | Reached XP level 14. HP: 13/87 MP: 21/25
  7500 | D:14     | Reached skill level 10 in Fighting
  7501 | D:14     | Paralysed by a vampire for 7 turns
  7956 | Orc:1    | Entered Level 1 of the Orcish Mines
  8281 | Orc:2    | Entered Level 2 of the Orcish Mines
  8297 | Orc:2    | Reached skill level 13 in Unarmed Combat
  8346 | Orc:2    | Found Betafopp's Armour Emporium.
  8569 | Orc:2    | Found a staircase to the Elven Halls.
  8630 | Orc:2    | Reached skill level 10 in Invocations
  8938 | Orc:2    | Found Wokhak's Distillery.
  8959 | Orc:2    | Found Varchuda's General Store.
  8979 | Orc:2    | Bought a potion of brilliance for 68 gold pieces
  8979 | Orc:2    | Bought a potion of might for 68 gold pieces
  8981 | Orc:2    | Bought a scroll of magic mapping for 35 gold pieces
  9242 | Orc:2    | Reached skill level 14 in Unarmed Combat
  9335 | Orc:2    | Paralysed by an orc sorcerer for 5 turns
  9538 | Orc:2    | Paralysed by an orc sorcerer for 3 turns
  9550 | Orc:2    | Reached XP level 15. HP: 66/92 MP: 12/27
  9580 | Orc:2    | Found Kimang's Gadget Shop.
  9580 | Orc:2    | Found Acifes's Antique Armour Boutique.
  9580 | Orc:2    | Found a one-way gate leading to the halls of Pandemonium.
  9615 | Orc:2    | Bought a potion of heal wounds for 85 gold pieces
  9615 | Orc:2    | Bought a potion of magic for 136 gold pieces
  9615 | Orc:2    | Bought a potion of heal wounds for 85 gold pieces
  9615 | Orc:2    | Bought a potion of agility for 68 gold pieces
  9615 | Orc:2    | Bought a potion of mutation for 136 gold pieces
  9615 | Orc:2    | Gained mutation: You have a pair of small horns on your head. [potion of mutation]
  9615 | Orc:2    | Gained mutation: You have a pair of horns on your head. [potion of mutation]
  9615 | Orc:2    | Gained mutation: You are frail. (-10% HP) [potion of mutation]
  9615 | Orc:2    | Gained mutation: You are partially covered in slimy green scales. (AC +2) [potion of mutation]
  9616 | Orc:2    | Lost mutation: You are frail. (-10% HP) [potion of mutation]
  9616 | Orc:2    | Lost mutation: You have a pair of horns on your head. [potion of mutation]
  9616 | Orc:2    | Gained mutation: Your mind is acute. (Int +2) [potion of mutation]
  9616 | Orc:2    | Lost mutation: You have a pair of small horns on your head. [potion of mutation]
  9616 | Orc:2    | Gained mutation: Scrolls take you a little longer to read. [potion of mutation]
  9616 | Orc:2    | Gained mutation: You possess an exceptional clarity of mind. [potion of mutation]
  9617 | Orc:2    | blah
  9617 | Orc:2    | no itans
  9634 | Elf:1    | Entered Level 1 of the Elven Halls
  9648 | Elf:1    | Noticed Asterion
  9657 | Elf:1    | Noticed an Executioner
  9657 | Elf:1    | Killed Asterion
  9657 | Elf:1    | Reached skill level 15 in Unarmed Combat
  9773 | Elf:1    | Noticed Louise
  9789 | Elf:1    | Found Omybel's Book Shoppe.
  9798 | Elf:1    | Identified a scroll of acquirement
  9801 | Elf:1    | Bought a book of the Earth for 910 gold pieces
  9808 | Elf:1    | Learned a level 6 spell: Statue Form
  9811 | Elf:1    | Found Viog's Armour Emporium.
  9872 | Elf:1    | Reached skill level 1 in Transmutations
 10230 | Elf:1    | Found Giuha's Weapon Shoppe.
 10238 | Elf:1    | Found Raggepli's Book Shop.
 10293 | Elf:1    | Reached skill level 5 in Transmutations
 10397 | Elf:1    | Identified Kikubaaqudgha's Collected Works on Necromancy
 10415 | Elf:1    | Learned a level 3 spell: Regeneration
 10525 | Elf:2    | Found a frozen archway.
 10525 | Elf:2    | Noticed Jorgrun
 10539 | Elf:2    | Killed Jorgrun
 10552 | IceCv    | Entered an ice cave
 10692 | IceCv    | Noticed an Ice Fiend
 10694 | IceCv    | Noticed an Ice Fiend
 10700 | IceCv    | Killed an Ice Fiend
 10706 | IceCv    | Killed an Ice Fiend
 10736 | IceCv    | Reached XP level 16. HP: 98/98 MP: 22/28
 10810 | Elf:2    | Noticed a deep elf sorcerer
 10819 | Elf:2    | Killed a deep elf sorcerer
 11072 | Elf:3    | Entered Level 3 of the Elven Halls
 11077 | Elf:3    | Upgraded the game from 0.22-a0-441-gcf5b0c6 to 0.22-a0-443-g17c3723
 11302 | Elf:3    | Reached skill level 1 in Translocations
 11337 | Elf:3    | Noticed an Ice Fiend
 11365 | Elf:3    | Reached ****** piety under Cheibriados
 11538 | Elf:3    | Noticed an Executioner
 11540 | Elf:3    | Reached skill level 1 in Necromancy
 11569 | Elf:3    | Noticed a deep elf blademaster
 11578 | Elf:3    | Killed a deep elf blademaster
 11578 | Elf:3    | Reached skill level 1 in Charms
 11637 | Elf:3    | Reached skill level 16 in Unarmed Combat
 11664 | Elf:3    | Killed from afar by a deep elf annihilator

Vault maps used:
D:1:      minmay_arrival_floating_metal
D:2:      nicolae_overflow_hidden_temple
D:3:      marbit_many_paths, amethyst_overflow_temple_binary
D:4:      first_ration
D:5:      xom_redecorated, gammafunk_temple_overflow_pools
D:6:      overflow_temple_1_default, lemuel_coloured_pillars_altar,
          temple_fountains, portal_sewer_entry_b
D:7:      basic_altar, serial_shops, nicolae_shop_waterfront, shop,
          nicolae_shop_window_shopping, shop
D:8:      gammafunk_corrupted_shrine, lemuel_doored_altar,
          nicolae_ru_awakened_eye, minmay_misc_feat_roman, uniq_grum
D:9:      erik_orc_4
D:10:     gammafunk_sealed_arena, minmay_lair_entry_grove
D:11:     lab_entry_generic
D:12:     serial_shops, nicolae_shop_stone
D:13:     uniq_maurice
D:14:     lightli_vaults_fourway_checkpoint, serial_shops, shop, fedhas_altar_4,
          uniq_agnes
D:15:     gammafunk_enter_depths_forms, minmay_splitting_lines, uniq_rupert
Orc:2:    pf_orc_diabolical, serial_shops, shop
Elf:1:    serial_shops, shop, nicolae_shop_competitors_out_of_business, shop,
          shop, shop, minmay_elf_necromancy, uniq_louise, uniq_asterion
Elf:2:    portal_ice_cave_entry_pillars_2, uniq_nikola, uniq_jorgrun
Elf:3:    minmay_elf_hall_circle
Lab:      nicolae_lab_x, labyrinth_skeletal_remains, lab_hedge,
          nicolae_lab_flowing_pool
IceCv:    ice_cave_small_demon

Skill      XL: |  1  2  3  4  5  6  7  8  9 10 11 12 13 14 15 16 |
---------------+-------------------------------------------------+-----
Unarmed Combat | 4 5 6 7 8 9 10 11 12 14 15 16 | 16.0
Invocations    | 1 2 3 4 5 6 7 8 9 10 | 10.0
Dodging        | 4 5 6 7 8 9 10 | 10.9
Fighting       | 4 5 6 7 8 9 10 11 | 11.1
Earth Magic    | 2 4 6 8 9 10 11 | 11.8
Spellcasting   | 1 3 4 5 6 7 8 |  8.1
Transmutations | 9 |  9.8
Translocations | 3 |  3.8
Necromancy     | 1 |  1.8
Charms         | 1 |  1.4
Stealth        | |  2.6

Action                   |  1- 3 |  4- 6 |  7- 9 | 10-12 | 13-15 | 16-18 || total
-------------------------+-------+-------+-------+-------+-------+-------++-------
Melee: Unarmed           |    84 |   187 |   292 |   707 |  1052 |   141 ||  2463
       Punch             |     2 |     4 |    11 |    68 |   120 |    25 ||   230
 Cast: Lee's Rapid Decon |       |       |       |     5 |    21 |       ||    26
       Sublimation of Bl |       |       |       |     1 |       |       ||     1
       Statue Form       |       |       |       |       |    10 |    18 ||    28
       Regeneration      |       |       |       |       |       |     1 ||     1
Invok: Slouch            |       |       |     2 |    10 |    18 |       ||    30
       Bend Time         |       |       |       |     2 |     1 |       ||     3
       Temporal Distorti |       |       |       |       |     1 |       ||     1
 Abil: Evoke Berserk Rag |     1 |       |       |       |       |       ||     1
       End Transformatio |       |       |       |       |       |     5 ||     5
Evoke: Wand              |       |       |    21 |     4 |    44 |     2 ||    71
       Sack of spiders   |       |       |       |       |     1 |       ||     1
  Use: Scroll            |     2 |     1 |     9 |     7 |    11 |     4 ||    34
       Potion            |       |     1 |       |     5 |     4 |       ||    10
 Stab: Sleeping          |     2 |     9 |     4 |     4 |     5 |     3 ||    27
       Distracted        |       |     1 |       |       |       |       ||     1
       Invisible         |       |       |       |     5 |       |       ||     5
       Paralysed         |       |       |       |       |    12 |       ||    12
  Eat: Chunk             |     2 |     8 |     5 |     9 |    18 |    10 ||    52
Armor: Robe              |    10 |    12 |       |       |       |       ||    22
       Ring mail         |       |     8 |    37 |    13 |       |       ||    58
       Skin              |       |     9 |       |     8 |    37 |    32 ||    86
       Troll leather arm |       |       |       |    81 |    85 |     3 ||   169
Dodge: Dodged            |   100 |   131 |   236 |   779 |  1091 |   141 ||  2478
Block: Other             |       |     9 |    34 |    63 |       |       ||   106
       Reflection        |       |       |     1 |       |       |       ||     1

Table legend:
 A = Spawn XP
 B = Non-spawn XP
 C = Spawn XP percentage of total XP
 D = Spawn monster count
 E = Non-spawn monster count
 F = Spawn count percentage of total count
 G = Total turns spent on level
                    A         B        C        D         E        F      G
               +---------+---------+-------+---------+---------+-------+---------
         Total |       0 |  143779 |   0.0 |       0 |     666 |   0.0 | 11664
               +---------+---------+-------+---------+---------+-------+---------
           D:1 |       0 |      40 |   0.0 |       0 |      21 |   0.0 |   465
           D:2 |       0 |      55 |   0.0 |       0 |      13 |   0.0 |   594
           D:3 |       0 |      53 |   0.0 |       0 |      13 |   0.0 |   341
           D:4 |       0 |      52 |   0.0 |       0 |      14 |   0.0 |   315
           D:5 |       0 |     499 |   0.0 |       0 |      25 |   0.0 |   541
           D:6 |       0 |     343 |   0.0 |       0 |      22 |   0.0 |   457
           D:7 |       0 |     375 |   0.0 |       0 |       7 |   0.0 |   587
           D:8 |       0 |    5848 |   0.0 |       0 |      44 |   0.0 |   751
           D:9 |       0 |    2726 |   0.0 |       0 |      45 |   0.0 |   570
          D:10 |       0 |    5513 |   0.0 |       0 |      34 |   0.0 |   577
          D:11 |       0 |    4241 |   0.0 |       0 |      39 |   0.0 |   510
          D:12 |       0 |    5469 |   0.0 |       0 |      56 |   0.0 |   588
          D:13 |       0 |    6766 |   0.0 |       0 |      50 |   0.0 |   430
          D:14 |       0 |   13079 |   0.0 |       0 |      28 |   0.0 |   436
          D:15 |       0 |    5147 |   0.0 |       0 |      17 |   0.0 |   428
         Orc:1 |       0 |    3177 |   0.0 |       0 |      29 |   0.0 |   359
         Orc:2 |       0 |   19749 |   0.0 |       0 |     101 |   0.0 |  1319
         Elf:1 |       0 |   18510 |   0.0 |       0 |      29 |   0.0 |   886
         Elf:2 |       0 |   15690 |   0.0 |       0 |      18 |   0.0 |   303
         Elf:3 |       0 |   23131 |   0.0 |       0 |      28 |   0.0 |   592
           Lab |       0 |    2741 |   0.0 |       0 |       4 |   0.0 |   366
         IceCv |       0 |   10575 |   0.0 |       0 |      29 |   0.0 |   249
               +---------+---------+-------+---------+---------+-------+---------
